 Dungeon Crawl Stone Soup version 0.24-a0-584-g9d6b971ae4 (webtiles) character file.

Game seed: 456004660386862721, levelgen mode: deterministic

3635 FigEater the Geomancer (level 10, -6/56 HPs)
             Began as a Gargoyle Earth Elementalist on Aug 31, 2019.
             Was an Initiate of Vehumet.
             Mangled by a demonic crawler (7 damage)
             ... summoned by a deep elf mage
             ... while paralysed
             ... in a bailey.
             The game lasted 00:16:37 (7208 turns).

FigEater the Geomancer (GrEE)                       Turns: 7208, Time: 00:16:38

Health: -6/56      AC: 10    Str: 12    XL:     10   Next: 11%
Magic:  2/19       EV:  2    Int: 19    God:    Vehumet [......]
Gold:   341        SH:  0    Dex: 10    Spells: 11/22 levels left

rFire    . . .     SeeInvis .   e - +3 quarterstaff (freeze)
rCold    . . .     Gourm    .   (shield currently unavailable)
rNeg     + . .     Faith    .   c - +0 robe
rPois    ∞         Spirit   .   (no helmet)
rElec    +         Reflect  .   v - scarf {cloud immunity}
rCorr    .         Harm     .   (no gloves)
MR       .....     Clarity  +   o - +0 pair of boots
Stlth    ++........             (no amulet)
HPRegen  0.18/turn              (no ring)
MPRegen  0.16/turn              (no ring)

@: paralysed, berserk cooldown, flying, hasted and slowed
A: big wings, clarity, negative energy resistance 1, electricity resistance,
unbreathing, petrification resistance, rot immunity, AC +7
a: Stop Flying, Renounce Religion


You were in a bailey.
You worshipped Vehumet.
Vehumet was noncommittal.
You were not hungry.

You visited 2 branches of the dungeon, and saw 8 of its levels.
You also visited: Bailey.

You collected 341 gold pieces.

Inventory:

Hand Weapons
 e - a +3 quarterstaff of freezing (weapon)
 h - a +2 mace of protection
 s - a +0 flail
Missiles
 b - 25 stones (quivered)
Armour
 c - a +0 robe (worn)
 f - a +0 cloak
 o - a +0 pair of boots (worn)
 v - a scarf of cloud immunity (worn)
Magical Staves
 w - an uncursed staff of fire
Scrolls
 j - 3 scrolls of remove curse
 l - 2 scrolls of blinking
 q - 9 scrolls of teleportation
Potions
 a - 3 potions of heal wounds
 g - a potion of curing
 i - a potion of cancellation
 k - a potion of brilliance
 m - 2 potions of flight
 u - a potion of haste
Comestibles
 d - 13 rations
 n - 4 chunks of flesh


   Skills:
 + Level 3.5 Fighting
 + Level 3.1 Maces & Flails
 + Level 3.5 Armour
 + Level 3.3 Dodging
 - Level 2.1 Stealth
 + Level 6.6 Spellcasting
 + Level 7.1 Conjurations
 - Level 0.7 Transmutations
 + Level 9.1 Earth Magic
 + Level 2.9 Evocations


You had 11 spell levels left.
You knew the following spells:

 Your Spells              Type           Power        Failure   Level  Hunger
a - Sandblast             Erth           #####.       1%          1    None
b - Stone Arrow           Conj/Erth      #####.       1%          3    ##.....
c - Lee's Rapid Deconstr  Erth           #####.....   7%          5    #####..
d - Passwall              Tmut/Erth      ####....     1%          2    None

Your spell library contained the following spells:

 Spells                   Type           Power        Failure   Level  Hunger
 Animate Skeleton         Necr           N/A          11%         1    None
 Apportation              Tloc           #.....       11%         1    None
 Confusing Touch          Hex            #.....       11%         1    None
 Summon Small Mammal      Summ           #...         11%         1    None
 Petrify                  Tmut/Erth      ####....     14%         4    ####...


Dungeon Overview and Level Annotations

Branches:
Dungeon (7/15)             Temple (1/1) D:7          Bailey (1/1)

Altars:
Uskayaw
Vehumet
Zin


Innate Abilities, Weirdness & Mutations

You are resistant to torment.
Your stone body is resilient. (AC +7)
You are immune to poison.
You resist negative energy. (rN+)
You are resistant to electric shocks. (rElec)
You can survive without breathing.
You are immune to petrification.
You are immune to rotting.
Your large and strong wings let you fly indefinitely.
You possess an exceptional clarity of mind.


Message History

The demonic crawler hits you but does no damage.
The demonic crawler hits you.
The deep elf mage hits you but does no damage.
The deep elf mage hits you with a +0 long sword.
The demonic crawler hits you.
The demonic crawler hits you but does no damage. x4
The demonic crawler hits you!
* * * LOW HITPOINT WARNING * * *
The deep elf mage hits you but does no damage.
The demonic crawler hits you!
* * * LOW HITPOINT WARNING * * *
The demonic crawler hits you but does no damage. x2
The demonic crawler barely misses you. The demonic crawler hits you!
* * * LOW HITPOINT WARNING * * *
The demonic crawler hits you but does no damage.
The deep elf mage gestures wildly while chanting.
The deep elf mage hits you but does no damage.
The demonic crawler hits you but does no damage.
The demonic crawler hits you!
You die...

#####
##...######
#..∩..##..##
#...).#....#
..
##..)##....#
.######)##).##
##...###.†.###
#.....#..@s.#
#..e..#sees.#
#.....#.s...#
#..3.#...r##
#'#####
#..○)#....#
#..... .....#
#..... ..e..#
#..... .....#


You could see 2 demonic crawlers, 2 deep elf magi, 2 redbacks and a hell rat.

Vanquished Creatures
  5 deep elf magi (Bailey)
  A necrophage (D:6)
  2 phantoms
  A big kobold (D:6)
  A bullfrog (D:3)
  A water moccasin zombie (D:7)
  2 scorpions
  A bullfrog zombie (D:6)
  3 crimson imps
  6 hounds
  A bullfrog skeleton (D:7)
  3 orc priests (D:6)
  2 iguanas (D:6)
  A jelly (D:5)
  Crazy Yiuf (D:2)
  Ijyb (D:3)
  Terence (D:2)
  5 worker ants
  A hound skeleton (D:5)
  7 adders
  3 gnolls (D:5)
  2 shadow imps
  An adder zombie (D:5)
  2 adder skeletons
  5 worms
  6 dart slugs
  5 leopard geckos
  8 orcs
  10 bats
  8 giant cockroaches
  10 goblins
  6 hobgoblins
  2 quokkas (D:6)
  9 frilled lizards
  9 kobolds
  5 rats
137 creatures vanquished.

Notes
Turn   | Place    | Note
-------+----------+-------------------------------------------
     0 | D:1      | FigEater the Gargoyle Earth Elementalist began the quest
                  | for the Orb.
     0 | D:1      | Reached XP level 1. HP: 10/10 MP: 3/3
   162 | D:1      | Reached skill level 4 in Earth Magic
   162 | D:1      | Reached XP level 2. HP: 7/15 MP: 1/5
   741 | D:1      | Reached XP level 3. HP: 19/19 MP: 6/6
   746 | D:1      | Learned a level 3 spell: Stone Arrow
  1766 | D:2      | Found a runed translucent door.
  1767 | D:2      | Noticed Crazy Yiuf
  1775 | D:2      | Killed Crazy Yiuf
  1775 | D:2      | Reached skill level 1 in Conjurations
  1775 | D:2      | Reached XP level 4. HP: 19/24 MP: 2/8
  1901 | D:2      | Noticed Terence
  1930 | D:2      | Killed Terence
  2048 | D:2      | Learned a level 2 spell: Passwall
  2065 | D:2      | Reached skill level 5 in Earth Magic
  2259 | D:2      | Reached XP level 5. HP: 28/28 MP: 7/9
  3043 | D:3      | Gained mutation: Your body sometimes deteriorates upon
                  | taking damage. [potion of mutation]
  3043 | D:3      | Gained mutation: You have very sharp teeth. [potion of
                  | mutation]
  3044 | D:3      | Lost mutation: Your body sometimes deteriorates upon taking
                  | damage. [potion of mutation]
  3044 | D:3      | Lost mutation: You have very sharp teeth. [potion of
                  | mutation]
  3044 | D:3      | Gained mutation: Your large and strong wings let you fly
                  | indefinitely. [potion of mutation]
  3044 | D:3      | Gained mutation: You possess an exceptional clarity of
                  | mind. [potion of mutation]
  3223 | D:3      | You are sucked into a shaft and drop 1 floor!
  3299 | D:3      | Reached XP level 6. HP: 32/32 MP: 8/11
  3590 | D:3      | Noticed Ijyb
  3627 | D:3      | Killed Ijyb
  4181 | D:4      | Noticed a phantom
  4198 | D:4      | Killed a phantom
  4198 | D:4      | Reached skill level 6 in Earth Magic
  4438 | D:4      | Reached XP level 7. HP: 13/36 MP: 11/13
  4812 | D:5      | Entered Level 5 of the Dungeon
  5289 | D:5      | Reached skill level 7 in Earth Magic
  5576 | D:5      | Learned a level 5 spell: Lee's Rapid Deconstruction
  5584 | D:6      | Reached skill level 5 in Spellcasting
  5688 | D:6      | Reached skill level 5 in Conjurations
  5688 | D:6      | Reached XP level 8. HP: 41/41 MP: 12/15
  6315 | D:6      | Reached skill level 8 in Earth Magic
  6864 | D:7      | Found a staircase to the Ecumenical Temple.
  6873 | Temple   | Entered the Ecumenical Temple
  6885 | Temple   | Became a worshipper of Vehumet
  6972 | D:7      | Found a flagged portal.
  6975 | Bailey   | Entered a bailey
  7112 | Bailey   | Noticed a deep elf mage
  7116 | Bailey   | Killed a deep elf mage
  7116 | Bailey   | Reached skill level 1 in Fighting
  7116 | Bailey   | Reached skill level 1 in Maces & Flails
  7116 | Bailey   | Reached skill level 1 in Armour
  7116 | Bailey   | Reached skill level 1 in Evocations
  7116 | Bailey   | Reached XP level 9. HP: 48/48 MP: 12/18
  7160 | Bailey   | Noticed a deep elf mage
  7163 | Bailey   | Noticed a deep elf mage
  7163 | Bailey   | Noticed a deep elf mage
  7164 | Bailey   | Killed a deep elf mage
  7167 | Bailey   | Noticed a deep elf mage
  7167 | Bailey   | Noticed a deep elf mage
  7167 | Bailey   | Noticed a deep elf mage
  7168 | Bailey   | Noticed a sixfirhy
  7177 | Bailey   | Killed a deep elf mage
  7189 | Bailey   | Killed a deep elf mage
  7189 | Bailey   | Reached skill level 9 in Earth Magic
  7199 | Bailey   | Killed a deep elf mage
  7199 | Bailey   | Reached XP level 10. HP: 56/56 MP: 1/19
  7207 | Bailey   | HP: 1/56 [demonic crawler[a deep elf mage] (8)]
  7208 | Bailey   | Mangled by a demonic crawler

Levels and vault maps discovered:
D:1:      dpeg_arrival_circle_labyrinth_c, layout_loops_ring, st_stairs_11
D:2:      layout_loops_corners, first_ration, due_unseen_surprise, uniq_terence,
          uniq_crazy_yiuf_cottage
D:3:      layout_loops_corners, uniq_ijyb
D:4:      layout_rooms
D:5:      layout_rooms
D:6:      layout_basic, hex_intersection
D:7:      layout_loops_ring, tgw_trog, minmay_temple_entry_arrows,
          enter_bailey_2, the_bakery, uniq_duvessa
Temple:   regret_index_temple_sigil_plot
Bailey:   bailey_polearm_3, bailey

Skill      XL: |  1  2  3  4  5  6  7  8  9 |
---------------+----------------------------+-----
Earth Magic    | 4 5 6 7 8 9 |  9.1
Spellcasting   | 3 4 5 6 |  6.6
Conjurations   | 1 2 3 5 6 7 |  7.1
Fighting       | 1 3 |  3.5
Maces & Flails | 1 3 |  3.1
Armour         | 1 3 |  3.5
Dodging        | 2 3 |  3.3
Evocations     | 1 2 |  2.9
Stealth        | |  2.1
Transmutations | |  0.7

Action                   |  1- 3 |  4- 6 |  7- 9 | 10-12 || total
-------------------------+-------+-------+-------+-------++-------
Melee: Club              |    51 |    94 |       |       ||   145
       Mace              |       |    27 |    80 |       ||   107
       Unarmed           |       |    18 |       |       ||    18
       Quarterstaff      |       |       |    71 |     3 ||    74
 Cast: Sandblast         |    41 |    45 |    93 |       ||   179
       Stone Arrow       |       |     3 |     2 |       ||     5
       Passwall          |       |     2 |       |       ||     2
       Lee's Rapid Decon |       |       |     3 |       ||     3
 Abil: Fly               |       |     1 |       |       ||     1
  Use: Scroll            |     2 |     6 |     9 |       ||    17
       Potion            |       |     2 |     2 |       ||     4
 Stab: Sleeping          |     1 |     3 |     1 |       ||     5
       Distracted        |       |     1 |     1 |       ||     2
  Eat: Chunk             |     3 |     9 |     9 |       ||    21
       Ration            |       |       |     1 |       ||     1
Armor: Robe              |    24 |    66 |   107 |    12 ||   209
Dodge: Dodged            |    57 |   119 |   140 |     2 ||   318

Table legend:
 A = Non-vault XP
 B = Vault XP
 C = Vault XP percentage of total XP
 D = Non-vault monster count
 E = Vault monster count
 F = Vault count percentage of total count
                 A         B        C        D         E       F
            +---------+---------+-------+---------+---------+-------
      Total |    2068 |    3126 |  60.2 |     129 |       8 |   5.8
            +---------+---------+-------+---------+---------+-------
        D:1 |      50 |       0 |   0.0 |      24 |       0 |   0.0
        D:2 |      84 |      75 |  47.2 |      29 |       2 |   6.5
        D:3 |     144 |      36 |  20.0 |      14 |       1 |   6.7
        D:4 |     277 |       0 |   0.0 |       7 |       0 |   0.0
        D:5 |     461 |       0 |   0.0 |      19 |       0 |   0.0
        D:6 |     791 |       0 |   0.0 |      30 |       0 |   0.0
        D:7 |     261 |       0 |   0.0 |       6 |       0 |   0.0
     Bailey |       0 |    3015 | 100.0 |       0 |       5 | 100.0
            +---------+---------+-------+---------+---------+-------
